 Dungeon Crawl Stone Soup version 0.18-a0-1782-gb76a692 (webtiles) character file.

141163 Chiseanne the Tortoise (level 16, -1/122 HPs)
             Began as a Demonspawn Monk on Apr 16, 2016.
             Was an Initiate of Gozag.
             Killed from afar by a deep elf sorcerer (38 damage)
             ... with a damnation
             ... on level 3 of the Elven Halls on Apr 17, 2016.
             The game lasted 02:32:14 (31381 turns).

Chiseanne the Tortoise (Demonspawn Monk)           Turns: 31381, Time: 02:32:15

Health: -1/122     AC: 21    Str: 14    XL:     16   Next: 77%
Magic:  22/22      EV: 18    Int: 16    God:    Gozag
Gold:   720        SH: 23    Dex: 23    Spells: 1 memorised, 14 levels left

rFire  + + +     SeeInvis +     a - +5 war axe (flame)
rCold  + . .     Gourm    .     Q - +1 scale mail of Mirth {*Corrode rPois MR++ Regen+}
rNeg   + + .     Faith    .     x - +0 large shield
rPois  +         Spirit   .     O - +2 helmet {Int+3}
rElec  +         Dismiss  .     f - +1 cloak {+Inv}
rCorr  .         Reflect  +     (gloves unavailable)
SustAt .         Harm     .     J - +0 pair of boots of the Sailor {rElec Str-2 Int+3 Dex+6}
MR     +++..                    v - +5 amulet of reflection
Stlth  ++........               e - ring of Dettueru {*Drain rF+ rC+ rN+ Slay+2}
                                N - ring of Kixza {+Blink rF++ Int-3 SInv Stlth+}

@: corroded, very slightly contaminated, drained, extremely resistant to hostile
enchantments, unstealthy
A: claws 3, iridescent scales 2, blink, fire resistance 1, negative energy
resistance 1, powered by death 2, flame cloud immunity
a: Blink, Potion Petition, Call Merchant, Bribe Branch, Renounce Religion, Evoke
Blink, Evoke Invisibility


You were on level 3 of the Elven Halls.
You worshipped Gozag.
Gozag was noncommittal.
You were not hungry.

You visited 5 branches of the dungeon, and saw 29 of its levels.
You visited 1 bazaar.
You also visited: Ice Cave and Volcano.

You collected 15825 gold pieces.
You spent 5631 gold pieces at shops.
You paid 9474 gold pieces to Gozag.

Inventory:

Hand Weapons
 a - a +5 war axe of flaming (weapon)
 s - a +1 broad axe of flaming
 w - a +0 blowgun
Missiles
 i - 2 steel tomahawks (quivered)
 n - a tomahawk
 t - a poisoned tomahawk
 z - 8 poisoned javelins
 U - 9 curare-tipped needles
 W - 72 poisoned needles
Armour
 f - a +1 cloak of invisibility (worn)
 x - a +0 large shield (worn)
 J - the +0 pair of boots of the Sailor (worn) {rElec Str-2 Int+3 Dex+6}
   (You bought it in a shop on level 10 of the Dungeon)

   It affects your strength (-2).
   It affects your intelligence (+3).
   It affects your dexterity (+6).
   It insulates you from electricity.
 O - a +2 helmet of intelligence (worn)
 Q - the +1 scale mail of Mirth (worn) {*Corrode rPois MR++ Regen+}
   (You bought it in a shop on level 7 of the Dungeon)

   It protects you from poison.
   It affects your resistance to hostile enchantments.
   It increases your rate of regeneration.
   It may corrode you when you take damage.
 V - a +0 pair of gloves
Jewellery
 e - the ring of Dettueru (right claw) {*Drain rF+ rC+ rN+ Slay+2}
   (You bought it in a shop on level 15 of the Dungeon)

   [ring of protection from cold]

   It affects your accuracy and damage with ranged weapons and melee attacks
   (+2).
   It protects you from fire.
   It protects you from cold.
   It protects you from negative energy.
   It causes draining when unequipped.
 v - a +5 amulet of reflection (around neck)
 N - the ring of Kixza (left claw) {+Blink rF++ Int-3 SInv Stlth+}
   (You bought it in a shop on level 11 of the Dungeon)

   [ring of see invisible]

   It affects your intelligence (-3).
   It greatly protects you from fire.
   It lets you see invisible.
   It lets you blink.
   It makes you more stealthy.
 T - an uncursed ring of flight
Wands
 l - a wand of digging (13/24)
 B - a wand of digging (1/24)
 E - a wand of disintegration (10/24)
 G - a wand of teleportation (6/9)
 I - a wand of confusion (3/48)
 K - a wand of acid (1/15)
 L - a wand of disintegration (7/24)
 Z - a wand of confusion (16/48)
Scrolls
 c - 11 scrolls of identify
 h - 5 scrolls of teleportation
 k - 7 scrolls of remove curse
 o - 7 scrolls of recharging
 r - 3 scrolls of fog
 F - 3 scrolls of blinking
 P - 3 scrolls of immolation
Potions
 j - a potion of brilliance
 m - 2 potions of heal wounds
 p - 3 potions of ambrosia
 u - 5 potions of magic
 C - 5 potions of cancellation
 H - 5 potions of flight
 S - a potion of curing
Books
 M - a book of Envenomations

   Spells                             Type                      Level
   a - Spider Form                    Transmutation/Poison         3
   b - Olgreb's Toxic Radiance        Poison                       4
   c - Alistair's Intoxication        Transmutation/Poison         5
   d - Poisonous Cloud                Conjuration/Poison/Air       6
Miscellaneous
 d - a stone of tremors
 q - a fan of gales
 y - a sack of spiders {used: 8}
 D - a phantom mirror
Comestibles
 b - 7 bread rations
 g - 12 meat rations


   Skills:
 - Level 10.1(9.6) Fighting
 * Level 10.1(9.6) Axes
 - Level 17.0(16.4) Armour
 * Level 13.3(12.8) Dodging
 - Level 1.7(1.3) Stealth
 * Level 12.9(12.4) Shields
 - Level 3.6(3.1) Unarmed Combat
 - Level 8.2(7.7) Evocations


You had 14 spell levels left.
You knew the following spells:

 Your Spells              Type           Power        Failure   Level  Hunger
a - Apportation           Tloc           #.........   100%        1    ##.....


Dungeon Overview and Level Annotations

Branches:
Dungeon (15/15)            Temple (1/1) D:4            Lair (8/8) D:9
  Swamp (0/4) Lair:5       Spider (0/4) Lair:4        Slime (0/6) Lair:6
    Orc (2/2) D:11            Elf (3/3) Orc:2        Vaults (0/5) D:13
 Depths (0/5) D:15

Altars:
Ashenzari
Cheibriados
Dithmenos
Elyvilon
Fedhas
Gozag
Kikubaaqudgha
Makhleb
Nemelex Xobeh
Okawaru
Pakellas
Qazlal
Ru
Sif Muna
Trog
Vehumet
Xom
Yredelemnul
Zin
The Shining One
Beogh
Jiyva

Shops:
D:6 (   D:7 [   D:9 (   D:10 (([   D:11 =   D:15 :=::   Orc:2 *([%

Annotations:
D:13 Josephine
Elf:2 5 runed doors


Innate Abilities, Weirdness & Mutations

You have claws for hands.
You are mostly covered in iridescent scales (AC +6).
Your flesh is heat resistant.
You resist negative energy.
You regenerate health from kills.
You are immune to clouds of flame.
You can translocate small distances at will.


Message History

You assume a fearsome visage.
The deep elf sorcerer resists with almost no effort.
The sixfirhy is unaffected.
The lost soul is unaffected.
The ghostly deep elf death mage is unaffected.
You block the sixfirhy's attack. The sixfirhy barely misses you.
The sixfirhy hits you but does no damage.
The sixfirhy closely misses you.
Read which item? (? for menu, Esc to quit)
You don't have any such object.
Read which item? (? for menu, Esc to quit)
Okay, then.
Unknown command.
Read which item? (? for menu, Esc to quit)
As you read the scroll of fog, it crumbles to dust.
The scroll dissolves into smoke.
The sixfirhy closely misses you. You block the sixfirhy's attack.
The deep elf sorcerer gestures at you while chanting.
The damnation unfurls!
The damnation engulfs you!
You die...
Your body crumbles into a pile of gold.

###########
####.........#
..##<...........#
#...............#
#..##.##@........#####
#.#
#.##..............# ..
#.##.§4§§....####.#
#.##.e*§§....#
.#....§§§...).#
.####§..4.....#
####.*e#####
##..)..###.#
##...)...##.#


You could see a deep elf sorcerer, a sixfirhy and a lost soul.

Vanquished Creatures
  A deep elf blademaster (Elf:3)
  Donald (Elf:2)
  An orc warlord (Orc:2)
  Louise (Elf:2)
  An emperor scorpion (D:15)
  A deep elf elementalist (Elf:3)
  A deep elf demonologist (Elf:3)
  2 deep elf annihilators (Elf:3)
  2 deep elf death magi
  An ettin (Orc:2)
  An ogre mage (D:15)
  5 hydras
  The ghost of grippy the Nimble, a journeyman DrBe of Trog (Lair:1)
  2 ice dragons (IceCv)
  The ghost of Lovchig the Nimble, a journeyman MiMo of Nemelex Xobeh (Orc:1)
  2 centaur warriors
  A catoblepas (D:15)
  Erica (D:8)
  3 tengu warriors
  Urug (D:14)
  8 death yaks
  5 orc high priests (Orc:2)
  8 deep elf knights
  An unseen horror (shapeshifter) (Elf:1)
  2 unseen horrors
  6 hill giants
  6 orc knights (Orc:2)
  A wizard (D:15)
  3 deep elf archers
  An orb spider (Lair:4)
  23 deep elf magi
  2 wolf spiders (Lair:8)
  6 orc sorcerers
  A salamander (shapeshifter) (Elf:2)
  3 ugly things
  A hornet (Lair:8)
  3 griffons
  4 manticores
  4 cyclopes
  12 elephants
  Maurice (D:8)
  A guardian serpent (Lair:8)
  9 black mambas
  2 ice statues (IceCv)
  4 orange demons (Elf:1)
  A gargoyle (D:13)
  3 rime drakes
  2 freezing wraiths
  11 spiny frogs
  A rime drake (shapeshifter) (Elf:2)
  A tengu conjurer (D:15)
  12 komodo dragons
  2 kobold demonologists
  An efreet (D:15)
  A guardian mummy (Volcano)
  A polar bear (Lair:4)
  4 blink frogs (Lair:1)
  2 minotaur skeletons (Volcano)
  7 trolls
  4 two-headed ogres
  6 slime creatures (D:15)
  A flying skull (Volcano)
  A shadow (D:14)
  A redback (Lair:8)
  3 air elementals
  10 wyverns
  A centaur simulacrum (D:15)
  A vampire (Volcano)
  5 wraiths
  3 fire elementals
  A water elemental (Elf:2)
  41 yaks
  2 hungry ghosts
  A basilisk (Lair:3)
  3 fire bats (Lair:5)
  Grum (D:10)
  A steam dragon (D:8)
  7 vampire mosquitoes
  3 wargs
  Edmund (D:6)
  A hill giant skeleton (Volcano)
  17 hippogriffs
  A mottled dragon (D:15)
  5 swamp worms (Lair:5)
  16 water moccasins
  19 porcupines
  3 merfolk skeletons (Volcano)
  46 orc warriors
  18 ice beasts
  4 sky beasts
  A black bear (D:7)
  2 eyes of draining
  A wasp (shapeshifter) (Elf:2)
  2 necrophages (D:12)
  5 boggarts (D:15)
  4 wasps (Lair:8)
  A wolf (shapeshifter) (Elf:2)
  13 ogres
  8 wolves
  23 crocodiles
  19 centaurs
  A big kobold (D:8)
  17 giant frogs
  2 earth elementals (Elf:2)
  5 scorpions
  A water moccasin skeleton (D:12)
  A wyvern skeleton (D:7)
  The ghost of 4thArraOfDagon the Ruffian, a weakling TrEE (D:3)
  14 killer bees
  5 wights
  A spriggan skeleton (Volcano)
  A howler monkey (D:5)
  5 electric eels
  4 centaur zombies
  2 quasits
  6 crimson imps
  8 hounds
  31 orc priests
  6 jellies
  41 orc wizards
  3 centaur skeletons
  A giant frog skeleton (D:9)
  13 iguanas
  3 two-headed ogre skeletons (Volcano)
  10 worker ants
  20 sheep
  2 hound skeletons
  4 mummies (Volcano)
  7 gnolls
  21 adders
  63 river rats
  3 shadow imps
  An ooze (D:2)
  3 adder skeletons
  An adder zombie (D:6)
  5 worms
  4 giant geckos
  142 orcs
  A ball python (D:2)
  3 giant cockroaches
  4 goblins
  3 hobgoblins
  7 jackals
  6 quokkas
  10 bats
  8 giant newts
  A jackal zombie (D:5)
  11 kobolds
  11 rats
  A butterfly (Lair:8)
  8 fungi
  5 plants
1039 creatures vanquished.

Vanquished Creatures (collateral kills)
  Wiglaf (Elf:2)
  Aizul (Elf:1)
  A dire elephant (D:15)
  A dancing weapon (Elf:2)
  A tengu warrior (D:15)
  2 deep elf archers (Elf:1)
  6 deep elf magi
  5 ugly things
  A water elemental (Elf:2)
  A giant frog (D:15)
  A scorpion (Elf:1)
  A wight (D:14)
22 creatures vanquished.

Vanquished Creatures (others)
  A deep elf annihilator (Elf:2)
  12 dancing weapons
  2 deep elf archers
  A human (D:4)
  An orc wizard (D:10)
  A bush (D:9)
  12 fungi
  6 plants
36 creatures vanquished.

Grand Total: 1097 creatures vanquished

Notes
Turn   | Place    | Note
--------------------------------------------------------------
     0 | D:1      | Chiseanne the Demonspawn Monk began the quest for the Orb.
     0 | D:1      | Reached XP level 1. HP: 18/18 MP: 1/1
   503 | D:1      | Gained mutation: Your flesh is heat resistant. [demonic ancestry]
   503 | D:1      | Reached XP level 2. HP: 24/24 MP: 2/2
  1096 | D:2      | Found a white marble altar of Elyvilon.
  1271 | D:2      | Reached skill level 1 in Armour
  1343 | D:2      | Reached skill level 1 in Shields
  1514 | D:2      | Gained mutation: You have sharp fingernails. [demonic ancestry]
  1514 | D:2      | Reached XP level 3. HP: 29/29 MP: 3/3
  2083 | D:3      | Noticed 4thArraOfDagon's ghost (weakling TrEE)
  2093 | D:3      | Killed 4thArraOfDagon's ghost
  2093 | D:3      | Reached XP level 4. HP: 20/36 MP: 4/4
  2285 | D:3      | Found a blossoming altar of Fedhas.
  2596 | D:3      | Found a faded altar to an unknown god.
  2657 | D:3      | Found a sacrificial altar of Ru.
  2695 | D:3      | Found an oddly glowing altar of Pakellas.
  3064 | D:4      | Gained mutation: You regenerate a little health from kills. [demonic ancestry]
  3064 | D:4      | Reached XP level 5. HP: 36/42 MP: 5/5
  3149 | D:4      | Found a snail-covered altar of Cheibriados.
  3166 | D:4      | Reached skill level 2 in Armour
  3221 | D:4      | Found an ancient bone altar of Kikubaaqudgha.
  3222 | D:4      | Noticed a human
  3225 | D:4      | Killed a human
  3821 | D:4      | Found a staircase to the Ecumenical Temple.
  3983 | Temple   | Entered the Ecumenical Temple
  4021 | Temple   | Became a worshipper of Gozag Ym Sagoz the Greedy
  4247 | D:5      | Entered Level 5 of the Dungeon
  4279 | D:4      | Gained mutation: You have very sharp fingernails. [demonic ancestry]
  4279 | D:4      | Reached XP level 6. HP: 15/48 MP: 6/6
  4849 | D:5      | Found a blossoming altar of Fedhas.
  5115 | D:5      | Gained mutation: You regenerate health from kills. [demonic ancestry]
  5115 | D:5      | Reached XP level 7. HP: 53/55 MP: 5/7
  5130 | D:5      | Reached skill level 5 in Fighting
  5149 | D:5      | Reached skill level 3 in Armour
  5788 | D:6      | Noticed Edmund
  5803 | D:6      | Killed Edmund
  5803 | D:6      | Reached skill level 5 in Dodging
  5803 | D:6      | Gained mutation: You are partially covered in iridescent scales (AC +4). [demonic ancestry]
  5803 | D:6      | Reached XP level 8. HP: 50/64 MP: 6/8
  5983 | D:6      | Found a bloodstained altar of Trog.
  6114 | D:6      | Found Onwur's Weapon Boutique.
  6339 | D:7      | Reached skill level 4 in Armour
  6596 | D:7      | Killed an unseen horror
  6596 | D:7      | Reached skill level 5 in Shields
  6596 | D:7      | Gained mutation: You are mostly covered in iridescent scales (AC +6). [demonic ancestry]
  6596 | D:7      | Reached XP level 9. HP: 41/71 MP: 4/9
  6763 | D:7      | Bought a transparent scale mail for 288 gold pieces
  6774 | D:7      | Identified the cursed +0 scale mail of the Spheres {Str+3} (You bought it in a shop on level 7 of the Dungeon)
  6781 | D:7      | Reached skill level 5 in Armour
  7009 | D:8      | Noticed Maurice
  7045 | D:8      | Killed Maurice
  7242 | D:8      | Noticed Erica
  7256 | D:8      | Killed Erica
  7256 | D:8      | Reached skill level 6 in Armour
  7599 | D:8      | Found an ancient bone altar of Kikubaaqudgha.
  7662 | D:8      | Reached XP level 10. HP: 52/80 MP: 6/10
  7866 | D:9      | Found Jieceir's Antique Weapon Boutique.
  8318 | D:9      | Found a staircase to the Lair.
  8385 | D:9      | Reached skill level 7 in Armour
  8646 | D:9      | You fall through a shaft!
  8646 | D:10     | Entered Level 10 of the Dungeon
  8735 | D:10     | Noticed Grum
  8743 | D:10     | Killed Grum
  8758 | D:10     | Reached XP level 11. HP: 89/89 MP: 11/11
  8924 | D:9      | Found a basalt altar of Yredelemnul.
  9047 | D:9      | Found a glowing golden altar of the Shining One.
  9318 | D:9      | Identified a scroll of acquirement
  9434 | D:7      | Bought a distressingly furry scale mail for 288 gold pieces
  9434 | D:7      | Bought a spiked leather armour for 224 gold pieces
  9434 | D:7      | Bought a pair of glowing boots for 144 gold pieces
  9451 | D:7      | Identified the cursed +1 scale mail of Mirth {*Corrode rPois MR++ Regen+} (You bought it in a shop on level 7 of the Dungeon)
  9560 | D:10     | Bought a pair of spiked boots for 228 gold pieces
  9560 | D:10     | Bought a runed helmet for 108 gold pieces
  9575 | D:10     | Identified the +0 pair of boots of the Sailor {rElec Str-2 Int+3 Dex+6} (You bought it in a shop on level 10 of the Dungeon)
  9996 | D:10     | Got a transparent quarterstaff
 10002 | D:10     | Identified the +5 quarterstaff "Zaiheomu" {flame, MR- Str+2 Int+2 Stlth+} (You found it on level 10 of the Dungeon)
 10236 | D:11     | Reached skill level 8 in Armour
 10283 | D:11     | Found a staircase to the Orcish Mines.
 10303 | D:11     | Got an ancient wooden ring
 10304 | D:11     | Identified the ring of Xiwinet {rN+ MP+9 Stlth+} (You found it on level 11 of the Dungeon)
 10650 | D:11     | Reached skill level 10 in Fighting
 11021 | D:11     | Bought the ring of Kixza {+Blink rF++ Int-3 SInv Stlth+} for 602 gold pieces
 11021 | D:11     | Bought a cursed ring of teleportation for 63 gold pieces
 11122 | D:12     | Noticed a brown ugly thing
 11157 | D:12     | Killed a brown ugly thing
 11985 | D:12     | Reached skill level 5 in Evocations
 12219 | D:13     | Reached XP level 12. HP: 51/97 MP: 13/16
 12287 | D:13     | Noticed a six-headed hydra
 12402 | D:13     | Killed a one-headed hydra
 12493 | D:13     | Noticed a centaur warrior
 12533 | D:13     | Killed a centaur warrior
 12562 | D:13     | Noticed Josephine
 12961 | D:13     | Noticed a four-headed hydra
 12965 | D:13     | Killed a one-headed hydra
 12965 | D:13     | Reached skill level 1 in Axes
 13076 | D:13     | Found a gate to the Vaults.
 13561 | D:14     | Noticed a tengu warrior
 13563 | D:14     | Noticed a tengu warrior
 13576 | D:14     | Killed a tengu warrior
 13576 | D:14     | Reached skill level 9 in Armour
 13594 | D:14     | Killed a tengu warrior
 13848 | D:14     | Noticed Urug
 13900 | D:14     | Killed Urug
 14027 | D:15     | Entered Level 15 of the Dungeon
 14045 | D:15     | Noticed a centaur warrior
 14099 | D:15     | Gained mutation: You have supernaturally acute eyesight. [potion of beneficial mutation]
 14100 | D:15     | Gained mutation: You have a pair of small horns on your head. [potion of beneficial mutation]
 14378 | D:15     | Lost mutation: You have supernaturally acute eyesight. [potion of cure mutation]
 14378 | D:15     | Lost mutation: You have a pair of small horns on your head. [potion of cure mutation]
 14398 | D:15     | Noticed a catoblepas
 14416 | D:15     | Killed a catoblepas
 14416 | D:15     | Reached skill level 10 in Dodging
 14416 | D:15     | Reached XP level 13. HP: 95/103 MP: 19/19
 14801 | D:15     | Noticed an emperor scorpion
 14828 | D:15     | Found a staircase to the Depths.
 14828 | D:15     | Noticed a dire elephant
 15123 | D:15     | Identified the cursed +1 leather armour of Responsibility {+Inv} (You bought it in a shop on level 7 of the Dungeon)
 15181 | D:15     | Reached skill level 10 in Shields
 15519 | D:15     | Killed an emperor scorpion
 15519 | D:15     | Reached skill level 10 in Armour
 15653 | D:15     | Reached skill level 5 in Axes
 15916 | D:15     | HP: 5/103 [dire elephant (5)]
 16103 | D:15     | Upgraded the game from 0.18-a0-1778-gadce9fa to 0.18-a0-1782-gb76a692
 16353 | Orc:1    | Entered Level 1 of the Orcish Mines
 16353 | Orc:1    | Noticed Lovchig's ghost (journeyman MiMo)
 16383 | Orc:1    | Killed Lovchig's ghost
 16859 | Orc:2    | Entered Level 2 of the Orcish Mines
 17181 | Orc:2    | Found a roughly hewn altar of Beogh.
 17460 | Orc:2    | Found Xusuc's Antique Armour Boutique.
 17481 | Orc:2    | Bought a glowing cloak for 130 gold pieces
 17494 | Orc:2    | Bought a glowing cloak for 130 gold pieces
 17524 | Orc:2    | Found Pullog's Food Shop.
 17547 | Orc:2    | Bought a slice of pizza for 15 gold pieces
 17547 | Orc:2    | Bought a beef jerky for 15 gold pieces
 17547 | Orc:2    | Bought a slice of pizza for 15 gold pieces
 17547 | Orc:2    | Bought a beef jerky for 15 gold pieces
 17677 | Orc:2    | Noticed an ettin
 17718 | Orc:2    | Killed an ettin
 17725 | Orc:2    | Gained mutation: You are immune to clouds of flame. [demonic ancestry]
 17725 | Orc:2    | Reached XP level 14. HP: 66/110 MP: 12/20
 18144 | Orc:2    | Got a crystal scimitar
 18145 | Orc:2    | Identified the cursed +1 scimitar of Karma {slice, rC+ MR+} (You found it on level 2 of the Orcish Mines)
 18261 | Orc:2    | Found a staircase to the Elven Halls.
 18341 | Orc:2    | Found Lotimes's Assorted Antiques.
 18372 | Orc:2    | Found a roughly hewn altar of Beogh.
 18372 | Orc:2    | Noticed an orc warlord
 18388 | Orc:2    | Killed an orc warlord
 18406 | Orc:2    | Reached skill level 11 in Armour
 18510 | Orc:2    | Bought a scroll of identify for 76 gold pieces
 18510 | Orc:2    | Bought a scroll of teleportation for 114 gold pieces
 18547 | Orc:2    | Found Kymoasagg's Antique Weapon Boutique.
 19399 | D:15     | Bought a cursed -2 ring of evasion for 28 gold pieces
 19399 | D:15     | Bought a cursed amulet of inaccuracy for 28 gold pieces
 19412 | D:15     | Bought the ring of Dettueru {*Drain rF+ rC+ rN+ Slay+2} for 644 gold pieces
 19652 | Lair:1   | Entered Level 1 of the Lair of Beasts
 19652 | Lair:1   | Noticed grippy's ghost (journeyman DrBe)
 19686 | Lair:1   | Killed grippy's ghost
 22367 | Lair:4   | Found a hole to the Spider Nest.
 23126 | Lair:5   | Found a dark tunnel.
 23144 | Volcano  | Entered a volcano
 24018 | Lair:5   | Identified a +0 pair of boots of running (You acquired it on level 5 of the Lair of Beasts)
 24398 | Lair:5   | Found a staircase to the Swamp.
 24757 | Lair:6   | Gained mutation: You resist negative energy. [demonic ancestry]
 24757 | Lair:6   | Reached XP level 15. HP: 107/113 MP: 17/21
 24776 | Lair:6   | Found a frozen archway.
 24789 | IceCv    | Entered an ice cave
 25061 | IceCv    | Got a warped copper amulet
 25073 | IceCv    | Got a scorched lead amulet
 25077 | IceCv    | Identified the amulet "Qyaluwno" {+Blink rElec Regen+} (You found it in an ice cave)
 25078 | IceCv    | Identified the amulet "Bajar" {rPois Regen+ Dex+3} (You found it in an ice cave)
 25567 | Lair:6   | Found a viscous altar of Jiyva.
 25568 | Lair:6   | Found a staircase to the Slime Pits.
 25827 | Lair:6   | Reached skill level 12 in Armour
 26958 | Lair:8   | Entered Level 8 of the Lair of Beasts
 27758 | Lair:8   | Learned a level 1 spell: Apportation
 27862 | Lair:8   | Found a stormy altar of Qazlal.
 28745 | D:15     | Bought a manual of Armour for 1876 gold pieces
 28840 | D:15     | Reached skill level 13 in Armour
 29061 | Elf:1    | Entered Level 1 of the Elven Halls
 29271 | Elf:1    | Noticed Aizul
 29284 | Elf:1    | Killed Aizul
 29331 | Elf:1    | Reached skill level 14 in Armour
 29331 | Elf:1    | Gained mutation: You have claws for hands. [demonic ancestry]
 29331 | Elf:1    | Reached XP level 16. HP: 119/120 MP: 22/22
 29630 | Elf:1    | Found a flickering gateway to a bazaar.
 29645 | Bazaar   | Entered a bazaar
 29650 | Bazaar   | Found Ezacw's Antique Armour Shop.
 29663 | Bazaar   | Found Vibaz's Gadget Shop.
 29713 | Bazaar   | Bought a wand of teleportation (6/9) for 360 gold pieces
 29713 | Bazaar   | Bought an ornate deck of summoning for 240 gold pieces
 30038 | Elf:1    | Reached skill level 15 in Armour
 30221 | Elf:2    | Found a radiant altar of Vehumet.
 30309 | Elf:2    | Reached skill level 16 in Armour
 30674 | Elf:2    | Noticed Wiglaf
 30679 | Elf:2    | Noticed Louise
 30700 | Elf:2    | Killed Wiglaf
 30717 | Elf:2    | Killed Louise
 30717 | Elf:2    | Reached skill level 17 in Armour
 30750 | Elf:2    | Found a huge runed gate.
 30750 | Elf:2    | Found a huge runed gate.
 30750 | Elf:2    | Found a huge runed gate.
 30750 | Elf:2    | Found a huge runed gate.
 30750 | Elf:2    | Found a huge runed gate.
 30798 | Elf:2    | Noticed Donald
 30841 | Elf:2    | Killed Donald
 31149 | Elf:3    | Entered Level 3 of the Elven Halls
 31313 | Elf:3    | Noticed a deep elf blademaster
 31317 | Elf:3    | Gained mutation: You can translocate small distances at will. [potion of beneficial mutation]
 31330 | Elf:3    | Noticed a Hell Sentinel
 31342 | Elf:3    | Reached skill level 10 in Axes
 31348 | Elf:3    | Noticed an Ice Fiend
 31354 | Elf:3    | Killed a deep elf blademaster
 31381 | Elf:3    | Killed from afar by a deep elf sorcerer

Vault maps used:
D:1:      minmay_arrival_four_loops
D:2:      elyvilon_altar_5, amethyst_killhole, grunt_ministairs_10
D:3:      nicolae_overflow_hidden_temple, nicolae_overflow_crystal_walls,
          ecumenical_altar_2, grunt_pakellas_salt
D:4:      cheibriados_altar_wand_db, minmay_temple_entry_enclosed_plants,
          roderic_lattice_a, tgw_kikubaaqudgha
D:5:      first_bread, basic_altar
D:6:      lightli_temple_of_fire, serial_glass, glass_columns_a,
          glass_columns_a, glass_columns_b, glass_columns_a, glass_columns_a,
          glass_columns_c, glass_columns_b, glass_columns_b, serial_shops,
          nicolae_shop_stone, uniq_edmund
D:8:      marbit_many_paths, uniq_maurice, uniq_erica
D:9:      tso_altar, lemuel_round_altar, minmay_lair_entry_grove, serial_shops,
          shop_statue
D:10:     uniq_grum
D:11:     david_orc_2
D:13:     erik_vaults_1, uniq_josephine
D:14:     minmay_misc_feat_hallway, uniq_urug
D:15:     hangedman_depths_entry_try_elsewhere_first, st_stairs_6,
          grunt_ministairs_5, minmay_misc_feat_alley
Temple:   dpeg_five_rooms_temple_12
Lair:1:   pond
Lair:2:   serial_bayou_lagoon_b, infiniplex_staircase_pool
Lair:4:   nicolae_spider_entry_orb_guardian
Lair:5:   beast_lair_carwin_large_2, nicolae_swamp_entry_splash_gauntlet,
          nicolae_volcano_entry_batcave
Lair:6:   dpeg_slime_entry_enclosed_altar, portal_ice_cave_entry_pillars_01,
          serial_bayou_shore_a, bh_autumn_forest_stairs, lemuel_fruit_tree
Lair:7:   st_stairs_5, serial_bayou_pond_b
Lair:8:   hangedman_lair_tendril_chambers, basic_altar, lemuel_fruit_fields
Orc:2:    pubby_orc_utopia
Elf:1:    eino_elf_arrival_shootout, serial_shops, bzr_entry_lakeside,
          serial_sigils, serial_sigils_hangedman_scratch,
          serial_sigils_hangedman_carve, serial_sigils_hangedman_scar,
          serial_sigils_hangedman_gut, serial_sigils_hangedman_gnaw,
          serial_sigils_hangedman_confine, einodemon_barbed_minivault,
          uniq_aizul
Elf:2:    basic_altar, uniq_wiglaf, uniq_louise, uniq_donald
Elf:3:    grunt_elf_hall_asides, special_room, hangedman_elven_pyramids
Bazaar:   bazaar_jpeg_cross
IceCv:    ice_cave_small_dragons
Volcano:  volcano_tomb

Skill      XL: |  1  2  3  4  5  6  7  8  9 10 11 12 13 14 15 16 |
---------------+-------------------------------------------------+-----
Armour         | 1 2 3 4 6 7 8 9 10 11 14 17 | 17.0
Dodging        | 3 4 5 6 7 8 9 10 11 12 13 | 13.3
Shields        | 1 2 3 4 5 6 7 8 9 10 11 12 | 12.9
Fighting       | 4 5 6 8 9 10 | 10.1
Evocations     | 6 8 |  8.2
Axes           | 3 6 8 9 10 | 10.1
Stealth        | |  1.7
Unarmed Combat | |  3.6

Action                   |  1- 3 |  4- 6 |  7- 9 | 10-12 | 13-15 | 16-18 || total
-------------------------+-------+-------+-------+-------+-------+-------++-------
Melee: Unarmed           |   172 |   164 |       |       |       |       ||   336
       Mace              |       |    62 |   327 |   583 |    21 |       ||   993
       Flail             |       |       |       |   108 |       |       ||   108
       Hand axe          |       |       |       |   548 |  1530 |       ||  2078
       Scimitar          |       |       |       |    12 |    13 |       ||    25
       Headbutt          |       |       |       |     4 |       |       ||     4
       War axe           |       |       |       |       |   915 |   465 ||  1380
       Broad axe         |       |       |       |       |       |    18 ||    18
 Fire: Blowgun           |       |       |       |       |    19 |       ||    19
Throw: Tomahawk          |       |       |       |       |    10 |       ||    10
Invok: Call Merchant     |       |       |     1 |     4 |     4 |       ||     9
 Abil: Evoke Blink       |       |       |       |     3 |     2 |       ||     5
       Evoke Invisibilit |       |       |       |       |       |     1 ||     1
Evoke: Wand              |       |       |     5 |    11 |    39 |     6 ||    61
       Box of beasts     |       |       |       |       |     9 |     1 ||    10
       Sack of spiders   |       |       |       |       |     5 |    10 ||    15
       Fan of gales      |       |       |       |       |     1 |     2 ||     3
       Stone of tremors  |       |       |       |       |     1 |     2 ||     3
       Deck              |       |       |       |       |       |     5 ||     5
  Use: Scroll            |     5 |     7 |     8 |    15 |    21 |     4 ||    60
       Potion            |       |     1 |       |     5 |    12 |     8 ||    26
 Stab: Sleeping          |     3 |       |       |     7 |    34 |       ||    44
       Distracted        |     1 |       |       |     9 |    26 |     5 ||    41
       Confused          |       |       |       |     5 |     6 |       ||    11
       Invisible         |       |       |       |       |    16 |     5 ||    21
       Held in net/web   |       |       |       |       |       |     2 ||     2
  Eat: Chunk             |     4 |     6 |       |       |       |       ||    10
       Fruit             |       |     3 |     6 |       |    13 |       ||    22
       Pizza             |       |     2 |     1 |     3 |     3 |       ||     9
       Beef jerky        |       |     2 |       |     2 |     5 |     1 ||    10
       Bread ration      |       |       |       |     5 |     8 |       ||    13
       Royal jelly       |       |       |       |       |       |     1 ||     1
Armor: Leather armour    |     9 |       |       |       |       |       ||     9
       Chain mail        |    87 |   168 |   143 |       |       |       ||   398
       Skin              |       |    11 |       |       |       |       ||    11
       Scale mail        |       |       |    50 |   689 |   809 |   141 ||  1689
Dodge: Dodged            |    34 |    43 |   115 |   700 |  1396 |   196 ||  2484
Block: Shield            |    61 |   118 |   157 |       |       |       ||   336
       Large shield      |       |       |    90 |  1416 |  2551 |   537 ||  4594
       Reflection        |       |       |       |       |     9 |    34 ||    43
